 Dungeon Crawl Stone Soup version 0.17-a0-1479-g4041c36 (webtiles) character file.

822 Rainor the Covert (level 7, -11/48 HPs)
             Began as a Vampire Enchanter on July 3, 2015.
             Mangled by a fire elemental (21 damage)
             ... created by the adversity of Qazlal
             ... on level 4 of the Dungeon.
             The game lasted 00:24:51 (4477 turns).

Rainor the Covert (Vampire Enchanter)               Turns: 4477, Time: 00:24:51

Health: -11/48     AC:  4    Str:  8    XL:     7   Next: 63%
Magic:  10/10      EV: 15    Int: 17    God:
Gold:   224        SH:  0    Dex: 16    Spells: 3 memorised, 3 levels left

rFire  x x .     SeeInvis +     h - +0 dagger (drain)
rCold  x x .     Clarity  .     b - +1 robe
rNeg   + . .     SustAt   .     (no shield)
rPois  .         Gourm    .     (no helmet)
rElec  .         Spirit   .     (no cloak)
rCorr  .         Warding  .     (no gloves)
rMut   .         Stasis   .     l - +1 pair of boots
MR     .....                    (no amulet)
Stlth  +++++.....               (no ring)
                                w - ring of wizardry

@: not resistant to hostile enchantments, quite stealthy
A: fangs 3, see invisible, deformed body, unbreathing, cold vulnerability 2,
heat vulnerability 2
a: Bat Form


You were on level 4 of the Dungeon.
You were not thirsty.

You visited 1 branch of the dungeon, and saw 5 of its levels.

You collected 224 gold pieces.

Inventory:

Hand weapons
 a - a +1 dagger
 h - a +0 dagger of draining (weapon)
Missiles
 t - 30 poisoned needles
Armour
 b - a +1 robe (worn)
 l - a +1 pair of boots (worn)
 o - a +0 leather armour
Jewellery
 w - a ring of wizardry (left hand)
Magical devices
 d - a wand of slowing (5)
 n - a wand of slowing (28)
Scrolls
 e - 5 scrolls of remove curse
 k - 2 scrolls of recharging
 v - a scroll of teleportation
 y - a scroll of blinking
 z - a scroll of fear {unknown}
Potions
 f - 2 potions of flight
 g - 2 potions of brilliance
 i - 2 potions of haste
 j - 2 potions of agility
 m - a potion of ambrosia {unknown}
 p - 2 potions of resistance
 q - 4 potions of curing
 r - a potion of cure mutation {unknown}
 u - a potion of mutation {unknown}
 x - a potion of poison {unknown}
 A - a potion of heal wounds {unknown}
Books
 c - a book of Maledictions

   Spells                             Type                      Level
   a - Corona                         Hexes                        1
   b - Ensorcelled Hibernation        Hexes/Ice                    2
   c - Confuse                        Hexes                        3
   d - Tukima's Dance                 Hexes                        3
   e - Dazzling Spray                 Conjuration/Hexes            3
 s - a book of Frost

   Spells                             Type                      Level
   a - Freeze                         Ice                          1
   b - Throw Frost                    Conjuration/Ice              2
   c - Ozocubu's Armour               Charms/Ice                   3
   d - Throw Icicle                   Conjuration/Ice              4
   e - Summon Ice Beast               Ice/Summoning                4
   f - Condensation Shield            Ice                          4


   Skills:
 + Level 1.3 Fighting
 - Level 5.2 Short Blades
 - Level 5.2 Dodging
 - Level 9.3 Stealth
 - Level 2.0 Spellcasting
 - Level 4.4 Hexes


You had 3 spell levels left.
You knew the following spells:

 Your Spells              Type           Power        Failure   Level  Hunger
a - Corona                Hex            ###....      1%          1    #......
b - Tukima's Dance        Hex            ###.....     4%          3    ###....
c - Confuse               Hex            ###.....     4%          3    ###....


Dungeon Overview and Level Annotations

Branches:
Dungeon (5/15)
 Temple: D:4-7

Altars:
Cheibriados
Elyvilon
Fedhas
Gozag
Kikubaaqudgha
Nemelex Xobeh
Qazlal
Sif Muna
Trog
The Shining One

Shops:
D:5 [


Innate Abilities, Weirdness & Mutations

You have razor-sharp teeth.
You have supernaturally acute eyesight.
You can survive without breathing.
[Armour fits poorly on your strangely shaped body.]
[You are very vulnerable to cold.]
[You are very vulnerable to heat.]


Message History

You climb upwards.
There is a stone staircase leading down here.
You start resting.
HP restored.
You climb downwards.
There is a stone staircase leading up here.
Qazlal incites the elements against you!
An earth elemental and a fire elemental come into view.
The fire elemental hits you. The fire elemental burns you!
The fire burns you terribly!
There is a stone staircase leading up here.
The fire elemental hits you. The fire elemental burns you!
The fire burns you terribly!
* * * LOW HITPOINT WARNING * * *
You climb upwards.
There is a stone staircase leading down here.
The fire elemental hits you.
* * * LOW HITPOINT WARNING * * *
The fire elemental burns you! The fire burns you terribly!
You die...

###################
#>@................
###E#################
#.............#
#.#.#########.# #.#.#
#.# #.#.# #.# #.#.#
#.# ###'#'###### #.#
#..........# #.#####


You could see a fire elemental.

Vanquished Creatures
  Sigmund (D:4)
  A sky beast (D:5)
  A giant frog (D:5)
  2 scorpions
  A crimson imp (D:4)
  2 hounds
  A centaur skeleton (D:4)
  2 worker ants
  A killer bee zombie (D:5)
  A hound zombie (D:5)
  6 adders
  A shadow imp (D:5)
  A worm (D:2)
  4 giant geckos
  8 orcs
  A ball python (D:3)
  8 bats
  A bat zombie (D:5)
  11 goblins
  19 hobgoblins
  11 jackals
  12 kobolds
  3 quokkas
  5 giant cockroaches
  A giant gecko zombie (D:5)
  5 giant newts
  A jackal zombie (D:5)
  A quokka skeleton (D:4)
  11 rats
123 creatures vanquished.

Notes
Turn   | Place    | Note
--------------------------------------------------------------
     0 | D:1      | Rainor the Vampire Enchanter began the quest for the Orb.
     0 | D:1      | Reached XP level 1. HP: 13/13 MP: 3/3
   317 | D:1      | Reached XP level 2. HP: 19/19 MP: 5/5
   687 | D:2      | Reached XP level 3. HP: 24/24 MP: 6/6
   868 | D:2      | Found a deep blue altar of Sif Muna.
   909 | D:2      | Found a faded altar to an unknown god.
   917 | D:2      | Became a worshipper of Qazlal Stormbringer
   917 | D:2      | Acquired Qazlal's first power
   918 | D:2      | Fell from the grace of Qazlal
  1357 | D:3      | Reached XP level 4. HP: 30/30 MP: 7/7
  1489 | D:3      | Learned a level 3 spell: Tukima's Dance
  1493 | D:3      | Learned a level 3 spell: Confuse
  1503 | D:3      | Noticed a scorpion
  1530 | D:3      | Killed a scorpion
  1530 | D:3      | Reached skill level 5 in Short Blades
  1674 | D:3      | Reached XP level 5. HP: 35/35 MP: 4/8
  2129 | D:4      | Noticed Sigmund
  2131 | D:4      | Killed Sigmund
  2131 | D:4      | Reached skill level 7 in Stealth
  2131 | D:4      | Reached XP level 6. HP: 41/41 MP: 9/9
  2146 | D:4      | Reached skill level 8 in Stealth
  2160 | D:4      | Found a white marble altar of Elyvilon.
  2233 | D:4      | Found a blossoming altar of Fedhas.
  2243 | D:4      | Found a stormy altar of Qazlal.
  2278 | D:4      | Found an ancient bone altar of Kikubaaqudgha.
  2485 | D:4      | Found a snail-covered altar of Cheibriados.
  2538 | D:4      | Reached skill level 9 in Stealth
  2781 | D:4      | Found a bloodstained altar of Trog.
  2786 | D:4      | Found a sparkling altar of Nemelex Xobeh.
  2791 | D:4      | Found an opulent altar of Gozag.
  2994 | D:4      | Reached XP level 7. HP: 46/46 MP: 10/10
  3291 | D:5      | Entered Level 5 of the Dungeon
  3433 | D:5      | Found Ryecano's Antique Armour Shoppe.
  3763 | D:5      | Reached skill level 5 in Dodging
  3852 | D:5      | Found a glowing golden altar of the Shining One.
  4101 | D:5      | Reached skill level 1 in Fighting
  4467 | D:5      | Noticed a fire elemental
  4477 | D:4      | Mangled by a fire elemental

Vault maps used:
D:1:      dpeg_arrival_shrine
D:2:      led_sif_pool, ecumenical_altar_1
D:3:      first_bread
D:4:      grunt_temple_overflow_forces_of_nature, cheibriados_altar_wand_db,
          kennysheep_little_box, lemuel_doored_altar,
          minmay_overflow_temple_star_quad, uniq_sigmund
D:5:      vehumet_altar_wand_db, nicolae_overflow_crystal_walls, serial_shops,
          shop_statue, supply_closet_lemuel

Action                   |  1- 3 |  4- 6 |  7- 9 || total
-------------------------+-------+-------+-------++-------
Melee: Dagger            |   132 |   157 |   288 ||   577
 Cast: Corona            |     1 |     1 |       ||     2
       Tukima's Dance    |       |     2 |       ||     2
       Confuse           |       |     1 |     1 ||     2
Invok: Renounce Religion |     1 |       |       ||     1
Evoke: Wand              |       |       |     5 ||     5
  Use: Scroll            |     9 |     3 |     2 ||    14
       Potion            |       |       |     1 ||     1
 Stab: Sleeping          |    15 |    11 |     3 ||    29
       Distracted        |       |     2 |     3 ||     5
  Eat: Corpse            |     9 |     4 |     4 ||    17
